 Dungeon Crawl Stone Soup version 0.21.0-24-g2553a33 (webtiles) character file.

1649 Mgcat the Cleaver (level 8, -8/100 HPs)
             Began as a Minotaur Fighter on Jan 19, 2018.
             Was a Follower of Trog.
             Mangled by a two-headed ogre
             ... wielding a +0 giant club
              (15 damage)
             ... on level 7 of the Dungeon.
             The game lasted 00:10:27 (6060 turns).

Mgcat the Cleaver (Minotaur Fighter)                Turns: 6060, Time: 00:10:28

Health: -8/100     AC: 24    Str: 20    XL:     8   Next: 67%
Magic:  7/7        EV:  2    Int:  5    God:    Trog [*.....]
Gold:   315        SH:  0    Dex: 13    Spells: 7/7 levels left

rFire    . . .     SeeInvis .   a - +0 war axe
rCold    . . .     Gourm    .   (no shield)
rNeg     + + +     Faith    .   (armour currently unavailable)
rPois    +         Spirit   .   (helmet currently unavailable)
rElec    .         Reflect  .   (cloak currently unavailable)
rCorr    .         Harm     .   (gloves currently unavailable)
MR       .....     NoTele   +   (boots currently unavailable)
Stlth    +.........             (no amulet)
HPRegen  0.26/turn              (no ring)
MPRegen  0.10/turn              (no ring)

@: tree-form
A: (retaliatory headbutt)
a: Berserk, Burn Spellbooks, Renounce Religion


You were on level 7 of the Dungeon.
You worshipped Trog.
Trog was aware of your devotion.
You were not hungry.
You were a tree.
You visited 1 branch of the dungeon, and saw 7 of its levels.

You collected 315 gold pieces.

Inventory:

Hand Weapons
 a - a +0 war axe (weapon)
Armour
 b - a +0 scale mail
 c - a +0 shield
 m - a -1 chain mail (melded)
 q - a scarf of repulsion (melded)
Scrolls
 e - 3 scrolls of remove curse
 g - 2 scrolls of fog {unknown}
 h - 3 scrolls of fear {unknown}
 i - 8 scrolls of identify {unknown}
 l - a scroll of enchant armour {unknown}
 n - 2 scrolls of teleportation {unknown}
 p - a scroll of magic mapping {unknown}
 r - a scroll of immolation {unknown}
Potions
 d - 4 potions of lignification
 j - 2 potions of curing {unknown}
 k - a potion of berserk rage {unknown}
 o - 2 potions of mutation {unknown}
Comestibles
 f - 5 rations


   Skills:
 + Level 4.6 Fighting
 + Level 12.4 Axes
 + Level 4.6 Armour
 - Level 3.6 Shields


You had 7 spell levels left.
You didn't know any spells.

Dungeon Overview and Level Annotations

Branches:
Dungeon (7/15)
 Temple: D:4-7

Altars:
Fedhas
Trog


Innate Abilities, Weirdness & Mutations

((You reflexively headbutt those who attack you in melee.))
((You have a pair of horns on your head.))


Message History

The two-headed ogre is lightly wounded.
You hit the orc warrior but do no damage.
The two-headed ogre completely misses you.
The two-headed ogre hits you but does no damage.
You hit the two-headed ogre but do no damage.
The two-headed ogre is lightly wounded.
You hit the orc warrior but do no damage.
The orc warrior hits you with a battleaxe!
* * * LOW HITPOINT WARNING * * *
The two-headed ogre hits you but does no damage. x2
You slash the two-headed ogre!
The two-headed ogre is moderately wounded.
You hit the orc warrior.
The orc warrior hits you with a battleaxe.
* * * LOW HITPOINT WARNING * * *
As you read the scroll labeled WAB VAAKHI, it crumbles to dust.
You feel as if something is helping you.
It was a scroll of remove curse.
The two-headed ogre hits you with a giant club!
You die...

############# #####
#####...........### #####...#
#............<.....
#.......#######.###o##..>#.O#.##.
#(###...........oOoo....###.# #
#.# ############♣##.##...#oo. #.#
#(##.# ..?.# #.## #(##.# .O.#
...# #(##.# .... #..# #.##o#
#.... #..# #..... #..# ...#..
..... #.## ..... #.#


You could see a two-headed ogre, an orc warrior and 3 orcs.

Vanquished Creatures
  The ghost of tidbits the Insei, an amateur GnTm of Cheibriados (D:6)
  An orc warrior (D:3)
  A sky beast (D:6)
  2 ice beasts (D:6)
  A phantom (D:6)
  An ogre (D:6)
  A centaur (D:4)
  A bullfrog (D:6)
  3 killer bees (D:6)
  A crimson imp (D:5)
  3 hounds (D:5)
  2 orc priests (D:5)
  2 bullfrog zombies (D:5)
  A gnoll shaman (D:4)
  2 iguanas
  An orc wizard (D:3)
  3 worker ants
  4 gnolls (D:4)
  5 adders
  3 oozes (D:1)
  An adder zombie (D:7)
  3 worms (D:3)
  3 dart slugs
  3 leopard geckos
  16 orcs
  2 giant cockroaches (D:2)
  6 goblins
  8 hobgoblins
  10 jackals
  2 quokkas
  9 bats
  2 frilled lizards
  A jackal skeleton (D:6)
  7 kobolds
  5 rats
117 creatures vanquished.

Notes
Turn   | Place    | Note
-------+----------+-------------------------------------------
     0 | D:1      | Mgcat the Minotaur Fighter began the quest for the Orb.
     0 | D:1      | Reached XP level 1. HP: 19/19 MP: 0/0
   117 | D:1      | Reached skill level 3 in Axes
   117 | D:1      | Reached XP level 2. HP: 24/27 MP: 1/1
   388 | D:1      | Reached skill level 4 in Axes
   411 | D:1      | Reached XP level 3. HP: 33/33 MP: 2/2
  1630 | D:2      | Reached skill level 5 in Axes
  1725 | D:3      | Reached XP level 4. HP: 39/40 MP: 3/3
  1927 | D:3      | Noticed an ogre
  1927 | D:3      | Noticed an ogre
  2015 | D:3      | Reached skill level 6 in Axes
  2119 | D:3      | Reached XP level 5. HP: 42/46 MP: 4/4
  2453 | D:3      | Noticed an orc warrior
  2461 | D:3      | Killed an orc warrior
  2461 | D:3      | Reached skill level 7 in Axes
  2461 | D:3      | Reached XP level 6. HP: 19/52 MP: 5/5
  3335 | D:4      | Found a bloodstained altar of Trog.
  3338 | D:4      | Reached skill level 8 in Axes
  3355 | D:4      | Became a worshipper of Trog the Wrathful
  3564 | D:4      | Found a blossoming altar of Fedhas.
  3775 | D:4      | Reached skill level 9 in Axes
  4066 | D:5      | Entered Level 5 of the Dungeon
  4130 | D:5      | Reached XP level 7. HP: 55/58 MP: 6/6
  4328 | D:5      | Reached skill level 10 in Axes
  4761 | D:6      | Reached skill level 11 in Axes
  4761 | D:6      | Reached XP level 8. HP: 19/66 MP: 7/7
  5225 | D:6      | Noticed tidbits's ghost (amateur GnTm)
  5681 | D:6      | Reached skill level 12 in Axes
  5699 | D:6      | Reached * piety under Trog
  5713 | D:6      | Killed tidbits's ghost
  5979 | D:7      | Noticed a two-headed ogre
  6060 | D:7      | Mangled by a two-headed ogre

Skill      XL: |  1  2  3  4  5  6  7  8 |
---------------+-------------------------+-----
Axes           | 3 4 5 6 7 9 11 12 | 12.4
Fighting       | 4 |  4.6
Armour         | 4 |  4.6
Shields        | |  3.6

Action                   |  1- 3 |  4- 6 |  7- 9 || total
-------------------------+-------+-------+-------++-------
Melee: War axe           |   110 |   145 |   109 ||   364
       Headbutt          |     7 |    31 |    22 ||    60
  Use: Potion            |       |     1 |     1 ||     2
       Scroll            |       |       |     1 ||     1
  Eat: Chunk             |     3 |     7 |     3 ||    13
       Ration            |       |       |     1 ||     1
Armor: Scale mail        |    76 |    39 |       ||   115
       Chain mail        |       |    10 |    45 ||    55
       Skin              |       |       |     6 ||     6
Dodge: Dodged            |    75 |    58 |    39 ||   172
       Deflected         |       |     1 |       ||     1
